 Dungeon Crawl Stone Soup version 0.17.1-3-g152610e (webtiles) character file.

398527 Peloso the Minotaur Blade (level 21, -5/185 HPs)
             Began as a Minotaur Fighter on Mar 16, 2016.
             Was the Champion of Okawaru.
             Slain by a bone dragon (9 damage)
             ... on level 1 of the Abyss on Mar 17, 2016.
             The game lasted 03:52:23 (60370 turns).

Peloso the Minotaur Blade (Minotaur Fighter)       Turns: 60370, Time: 03:52:24

Health: -5/185     AC: 51    Str: 36    XL:     21   Next: 91%
Magic:  23/23      EV: 19    Int: 12    God:    Okawaru [******]
Gold:   4647       SH:  0    Dex: 18    Spells: 0 memorised, 20 levels left

rFire  + . .     SeeInvis +     U - +10 great sword of Head {slice, rPois rF+ Int+2}
rCold  + . .     Clarity  .     M - +14 crystal plate armour
rNeg   + . .     SustAt   .     (shield currently unavailable)
rPois  +         Gourm    .     (helmet restricted)
rElec  .         Spirit   .     y - +1 cloak "Heskok" {rC+}
rCorr  .         Warding  .     g - +2 pair of fencer's gloves {LBl+4 SBl+4 EV+3 Dex+6}
rMut   .         Stasis   .     u - +2 pair of boots {Fly}
MR     +....                    a - amulet "Taiweto" {Faith Str+4}
Stlth  ..........               R - ring "Netirunu" {rN+ Str+3 Int+3}
                                Y - ring of see invisible

@: flying, studying Short Blades, somewhat resistant to hostile enchantments,
extremely unstealthy
A: retaliatory headbutt, beak, horns 2, icy blue scales 1, clever 1,
deterioration 1, frail 1
a: Heroism, Finesse, Renounce Religion, Stop Flying
}: 3/15 runes: decaying, slimy, gossamer


You were on level 1 of the Abyss.
You worshipped Okawaru.
Okawaru was exalted by your worship.
You were not hungry.

You visited 9 branches of the dungeon, and saw 47 of its levels.
You visited the Abyss 2 times.
You visited 1 bazaar.
You also visited: Trove, Sewer and Volcano.

You collected 5637 gold pieces.
You spent 990 gold pieces at shops.

Inventory:

Hand Weapons
 p - a +5 scimitar of flaming
 B - a +4 double sword of freezing
 U - the +10 great sword of Head (weapon) {slice, rPois rF+ Int+2}
   (Okawaru gifted it to you on level 3 of the Orcish Mines)

   It inflicts extra damage upon your enemies.
   It affects your intelligence (+2).
   It protects you from fire.
   It protects you from poison.
Armour
 c - a +2 shield of reflection
 g - the +2 pair of fencer's gloves (worn) {LBl+4 SBl+4 EV+3 Dex+6}
   (You found it on level 3 of the Lair of Beasts)

   It affects your evasion (+3).
   It affects your dexterity (+6).
 u - a +2 pair of boots of flying (worn)
 v - a +0 large shield of reflection
 y - the +1 cloak "Heskok" (worn) {rC+}
   (You found it in a treasure trove)

   It protects you from cold.
 M - a +14 crystal plate armour (worn)
Jewellery
 a - the amulet "Taiweto" (around neck) {Faith Str+4}
   (You found it in a treasure trove)

   [amulet of faith]

   It allows you to gain divine favour quickly.
   It affects your strength (+4).
 l - an uncursed ring of positive energy
 n - an uncursed ring of protection from magic
 R - the ring "Netirunu" (right hand) {rN+ Str+3 Int+3}
   (You found it on level 8 of the Lair of Beasts)

   [ring of positive energy]

   It affects your strength (+3).
   It affects your intelligence (+3).
   It protects you from negative energy.
 Y - a ring of see invisible (left hand)
 Z - an uncursed ring of protection from fire
Wands
 b - a wand of digging (11)
 A - a wand of draining (5)
 G - a wand of flame (29)
 J - a wand of teleportation (4)
 P - a wand of teleportation (5)
 S - a wand of fire (12)
 V - a wand of magic darts (43)
Scrolls
 f - 2 scrolls of holy word
 h - 6 scrolls of teleportation
 i - 2 scrolls of summoning
 m - 4 scrolls of amnesia
 o - 3 scrolls of silence
 q - 8 scrolls of recharging
 r - 11 scrolls of magic mapping
 t - 11 scrolls of identify
 C - a scroll of blinking
 O - 17 scrolls of remove curse
 Q - 5 scrolls of fear
Potions
 d - 6 potions of might
 j - 2 potions of invisibility
 s - 7 potions of haste
 w - a potion of magic
 x - 4 potions of resistance
 H - a potion of berserk rage
 I - 8 potions of curing
Books
 k - a manual of Short Blades
 z - a book of Envenomations

   Spells                             Type                      Level
   a - Spider Form                    Transmutation/Poison         3
   b - Alistair's Intoxication        Transmutation/Poison         4
   c - Olgreb's Toxic Radiance        Poison                       4
   d - Poisonous Cloud                Conjuration/Poison/Air       6
 F - the Volume of Conjuration
   (You found it on level 1 of the Abyss)

   Spells                             Type                      Level
   a - Sting                          Conjuration/Poison           1
   b - Throw Flame                    Conjuration/Fire             2
   c - Iskenderun's Mystic Blast      Conjuration                  4
   d - Irradiate                      Conjuration/Transmutation    5
 N - a book of the Sky

   Spells                             Type                      Level
   a - Summon Lightning Spire         Summoning/Air                4
   b - Airstrike                      Air                          4
   c - Silence                        Hexes/Air                    5
   d - Deflect Missiles               Charms/Air                   6
   e - Conjure Ball Lightning         Conjuration/Air              6
   f - Tornado                        Air                          9
 T - a book of Conjurations

   Spells                             Type                      Level
   a - Magic Dart                     Conjuration                  1
   b - Searing Ray                    Conjuration                  2
   c - Dazzling Spray                 Conjuration/Hexes            3
   d - Fulminant Prism                Conjuration/Hexes            4
   e - Iskenderun's Mystic Blast      Conjuration                  4
   f - Iskenderun's Battlesphere      Conjuration/Charms           5
Comestibles
 e - 12 bread rations
 D - 9 fruits
 K - 8 slices of pizza
 L - 17 meat rations
 W - a royal jelly


   Skills:
 + Level 21.7 Fighting
 + Level 26.8(27) Long Blades
 + Level 19.0 Armour
 + Level 12.8 Dodging
 + Level 3.3 Stealth
 + Level 16.4 Shields
 + Level 4.0 Invocations
 + Level 1.5 Evocations


You had 20 spell levels left.
You didn't know any spells.

Dungeon Overview and Level Annotations

Branches:
Dungeon (15/15)            Temple (1/1) D:7            Lair (8/8) D:11
  Swamp (4/4) Lair:3       Spider (4/4) Lair:4        Slime (6/6) Lair:6
    Orc (4/4) D:11            Elf (3/3) Orc:4        Vaults (2/5) D:13
 Depths (0/5) D:15
  Crypt: Vaults:2-3

Altars:
Ashenzari
Cheibriados
Dithmenos
Fedhas
Gozag
Kikubaaqudgha
Makhleb
Nemelex Xobeh
Okawaru
Qazlal
Ru
Sif Muna
Trog
Vehumet
Xom
Yredelemnul
Zin
The Shining One
Beogh

Shops:
D:7 :   D:14 (   Orc:4 %%}=   Elf:2 *


Innate Abilities, Weirdness & Mutations

You reflexively headbutt those who attack you in melee.
You have a pair of horns on your head.
You have a beak for a mouth.
You are partially covered in icy blue scales (AC +1).
Your mind is acute. (Int +2)
Your body sometimes deteriorates upon taking damage.
You are frail (-10% HP).


Message History

* * * LOW HITPOINT WARNING * * *
The bone dragon barely misses you.
The bone dragon tramples you but does no damage.
You barely miss the bone dragon. You headbutt the bone dragon!
You peck the bone dragon, but do no damage.
The bone dragon is heavily damaged.
The starcursed mass engulfs you but does no damage. x2
Unknown command.
You slash the bone dragon!
You headbutt the bone dragon, but do no damage.
The bone dragon is heavily damaged.
The bone dragon misses you. The bone dragon completely misses you.
The bone dragon tramples you.
* * * LOW HITPOINT WARNING * * *
You are shoved backwards!
A deafening chorus of shrieks assaults your mind!
* * * LOW HITPOINT WARNING * * *
Found 14 gold pieces.
The bone dragon bites you!
You die...

# . ..#. ...#.....# .
....... ........ # .
. #. ..# $...# ..
##...# ...# ## #. #
##.## ##.## #
..###...###...## ##
..#.....
...XX#.....#...# ....
.......X.XD........ #
....#....X#X@...#.?.#
###...# #...###X..##
# ## ##. # ##. #
##.## #. .###...##
...#
#.....#.....#.....# .
..... .. ......... .
#.....#. ..#.....#. .
# ..###...###...###.
##.## # . # #


You could see a bone dragon and 6 starcursed masses.

Vanquished Creatures
  the royal jelly (Slime:6)
  Norris (Spider:4)
  Nikola (Spider:1)
  2 bone dragons
  Arachne (Spider:4)
  2 deep elf master archers (Elf:3)
  3 deep elf blademasters
  28 acid blobs
  5 tentacled starspawn
  Agnes (D:14)
  A thorn hunter (Swamp:4)
  Frances (Spider:1)
  Wiglaf (Vaults:2)
  3 vault wardens (Vaults:1)
  Maud (Orc:3)
  8 azure jellies
  3 deep elf sorcerers
  7 emperor scorpions
  A cacodemon (Abyss:1)
  An angel (Abyss:1)
  5 ghost moths
  9 ironheart preservers
  3 very ugly things
  A caustic shrike skeleton (D:15)
  A juggernaut skeleton (D:15)
  A stone giant (Orc:4)
  6 deep elf demonologists
  5 deep elf annihilators
  An ettin (Vaults:1)
  3 death oozes (Slime:6)
  6 deep elf death magi
  9 vault guards
  An eidolon (Abyss:1)
  2 fire dragons
  A yaktaur captain (Vaults:1)
  2 deep elf high priests (Elf:3)
  14 great orbs of eyes
  2 blizzard demons
  Harold (Orc:1)
  4 entropy weavers
  7 centaur warriors
  15 hydras
  3 ice dragons (Swamp:4)
  6 alligators
  3 catoblepae (Lair:8)
  Erica (D:8)
  2 ogre magi
  A ghost crab (Swamp:3)
  A rakshasa (Abyss:1)
  13 large abominations
  16 dancing weapons (Elf:2)
  20 death yaks
  3 thrashing horrors
  3 tengu warriors (D:15)
  2 orc high priests
  Sonja (Orc:4)
  8 wretched stars
  A skeletal warrior (D:15)
  5 unseen horrors
  An ice devil (Abyss:2)
  16 deep elf knights
  2 spriggan druids
  10 deep elf summoners
  An anaconda zombie (Abyss:2)
  2 flayed ghosts
  3 deep trolls (Vaults:1)
  3 giant orange brains
  4 swamp dragons
  A shambling mangrove (Swamp:3)
  A necromancer (D:15)
  4 ironbrand convokers
  12 deep elf conjurers
  The ghost of Gargoyl the Skirmisher, a novice DsAK of Lugonu (D:6)
  7 hill giants
  2 wolf spider zombies
  33 ugly things
  A manticore (D:11)
  27 wolf spiders
  15 orb spiders
  An orc sorcerer (Vaults:1)
  9 orc knights
  An oklob plant (Lair:3)
  11 hornets
  5 shining eyes
  A moth of wrath (Spider:4)
  A sixfirhy (Abyss:1)
  6 cyclopes
  A fire giant zombie (D:15)
  A worldbinder (Abyss:1)
  5 black mambas
  3 griffons
  A hornet (shapeshifter) (D:15)
  3 eyes of devastation
  2 centaur zombies
  A stone giant skeleton (D:15)
  2 gargoyles (D:12)
  2 smoke demons
  A vault sentinel (Vaults:1)
  A torpor snail (Spider:1)
  The ghost of GFox the Skirmisher, a novice DsWn (D:5)
  An efreet (Abyss:2)
  3 orange demons
  2 centaur skeletons (D:11)
  11 demonic crawlers
  A komodo dragon (shapeshifter) (Vaults:1)
  17 komodo dragons
  4 fire drakes
  20 spiny frogs
  15 yaktaurs
  7 trolls
  11 deep elf priests
  A guardian mummy (D:15)
  3 two-headed ogres
  28 jumping spiders
  7 freezing wraiths
  A two-headed ogre (shapeshifter) (D:13)
  8 giant leeches
  5 ancient zymes
  6 polar bears
  A trapdoor spider zombie (D:10)
  9 raiju
  A blue devil (Abyss:2)
  124 slime creatures
  11 bog bodies
  2 boulder beetles
  3 shadows
  34 blink frogs
  An air elemental (Abyss:2)
  61 redbacks
  22 trapdoor spiders
  2 ynoxinuls (Abyss:1)
  Sigmund (D:4)
  5 wraiths
  5 spriggans (Swamp:2)
  22 tarantellas
  19 starcursed masses
  6 chaos spawn
  A vampire (D:13)
  72 yaks
  29 deep elf magi
  2 fire bats
  21 golden eyes
  7 basilisks
  41 deep elf fighters
  2 neqoxecs
  3 wargs
  6 wyverns
  2 swamp worm simulacra (Swamp:4)
  2 mottled dragons
  17 vampire mosquitoes
  14 wolves
  6 hippogriffs
  Edmund (D:6)
  6 insubstantial wisps
  2 hungry ghosts (D:12)
  28 swamp worms
  20 water moccasins
  2 swamp drakes
  15 hydra simulacra (Swamp:4)
  48 orc warriors
  22 spiders
  13 wasps
  Purgy (D:4)
  17 eyes of draining
  22 ogres
  4 sky beasts
  2 black bears
  2 ice beasts
  2 phantoms
  9 porcupines
  30 centaurs
  2 necrophages
  8 big kobolds
  27 crocodiles
  A crocodile (shapeshifter) (Elf:2)
  A brain worm (Abyss:2)
  3 wyvern zombies
  2 gnoll sergeants
  2 wyvern skeletons
  15 giant frogs
  A water moccasin zombie (D:6)
  4 scorpions
  18 killer bees
  15 wights
  8 small abominations
  2 electric eels
  3 crimson imps
  7 lava snakes (Volcano)
  2 iron imps (Abyss:1)
  28 orc priests
  4 giant frog zombies
  37 jellies
  5 hounds
  Crazy Yiuf (D:2)
  4 quasits (Abyss:1)
  5 giant frog skeletons
  31 orc wizards
  Natasha (twice) (D:4)
  10 iguanas
  19 worker ants
  21 sheep
  A human simulacrum (Abyss:1)
  2 hound zombies
  A worker ant zombie (D:10)
  A hound skeleton (D:10)
  7 gnolls
  11 adders
  67 river rats
  A white imp (Abyss:2)
  4 shadow imps
  An ooze (D:1)
  2 ufetubi (Abyss:2)
  6 swamp drake simulacra (Swamp:4)
  2 adder skeletons
  3 adder zombies
  6 worms
  189 orcs
  7 ball pythons
  5 giant cockroaches
  4 hobgoblins
  10 jackals
  6 quokkas
  9 bats
  6 giant geckos
  12 giant newts
  5 goblins
  25 kobolds
  A quokka skeleton (D:5)
  16 rats
  A briar patch (Swamp:4)
  A crawling corpse (Elf:2)
  2 fungi
  2 lurking horrors
  2 plants
2122 creatures vanquished.

Vanquished Creatures (others)
  An azure jelly (Swamp:4)
  A spiny frog (Swamp:4)
  A jumping spider (Spider:1)
  A deep elf fighter (Elf:2)
  A swamp drake (Swamp:3)
  A wasp (Spider:4)
  A small abomination (Abyss:2)
  A kobold (D:14)
  3 briar patches (Swamp:4)
  12 fungi
  13 plants
  11 starspawn tentacles
  247 starspawn tentacle segments
294 creatures vanquished.

Grand Total: 2416 creatures vanquished

Notes
Turn   | Place    | Note
--------------------------------------------------------------
     0 | D:1      | Peloso the Minotaur Fighter began the quest for the Orb.
     0 | D:1      | Reached XP level 1. HP: 19/19 MP: 0/0
   156 | D:1      | Reached XP level 2. HP: 27/27 MP: 1/1
   325 | D:1      | You fall through a shaft!
   337 | D:2      | Reached skill level 4 in Armour
   410 | D:2      | Reached XP level 3. HP: 22/33 MP: 2/2
   929 | D:2      | Noticed Crazy Yiuf
   933 | D:2      | Killed Crazy Yiuf
   933 | D:2      | Reached skill level 1 in Dodging
   933 | D:2      | Reached XP level 4. HP: 37/40 MP: 3/3
  1658 | D:3      | Found a glowing drain.
  1664 | D:3      | Reached XP level 5. HP: 42/46 MP: 4/4
  1676 | Sewer    | Entered a sewer
  1750 | Sewer    | Reached skill level 5 in Shields
  1851 | Sewer    | Reached skill level 5 in Armour
  2567 | D:4      | Found a glowing silver altar of Zin.
  2567 | D:4      | Noticed an angel
  2568 | D:4      | Found a burning altar of Makhleb.
  2568 | D:4      | Noticed an Executioner
  2719 | D:4      | Noticed an ogre
  2822 | D:3      | Killed an ogre
  2822 | D:3      | Reached XP level 6. HP: 39/53 MP: 5/5
  3130 | D:4      | Noticed Sigmund
  3137 | D:4      | Killed Sigmund
  3137 | D:4      | Reached skill level 6 in Armour
  3137 | D:4      | Reached XP level 7. HP: 49/60 MP: 6/6
  3235 | D:4      | Noticed Purgy
  3247 | D:4      | Killed Purgy
  3338 | D:4      | Noticed an ogre
  3343 | D:4      | Killed an ogre
  3352 | D:4      | Noticed Natasha
  3362 | D:4      | Killed Natasha
  3616 | D:4      | Noticed Natasha
  3621 | D:4      | Killed Natasha
  3743 | D:5      | Entered Level 5 of the Dungeon
  3842 | D:5      | Reached skill level 5 in Fighting
  3915 | D:5      | Reached skill level 7 in Armour
  3915 | D:5      | Reached XP level 8. HP: 68/68 MP: 7/7
  3979 | D:5      | Reached skill level 5 in Long Blades
  4093 | D:5      | Found an opulent altar of Gozag.
  4174 | D:5      | Found a basalt altar of Yredelemnul.
  4299 | D:5      | Noticed GFox's ghost (novice DsWn)
  4313 | D:5      | Killed GFox's ghost
  4313 | D:5      | Reached skill level 8 in Shields
  4674 | D:5      | Found a bloodstained altar of Trog.
  4676 | D:5      | Found an ancient bone altar of Kikubaaqudgha.
  4724 | D:6      | Noticed Gargoyl's ghost (novice DsAK)
  4744 | D:6      | Killed Gargoyl's ghost
  4744 | D:6      | Reached XP level 9. HP: 69/75 MP: 8/8
  4792 | D:6      | Noticed Edmund
  4810 | D:6      | Killed Edmund
  5043 | D:6      | Reached skill level 9 in Armour
  5863 | D:7      | Reached skill level 5 in Dodging
  5878 | D:7      | Found a staircase to the Ecumenical Temple.
  5889 | Temple   | Entered the Ecumenical Temple
  5949 | Temple   | Became a worshipper of Warmaster Okawaru
  6013 | D:7      | Found Yhiogobe's Book Boutique.
  6377 | D:8      | Reached * piety under Okawaru
  6453 | D:8      | Noticed Erica
  6464 | D:8      | Killed Erica
  6464 | D:8      | Reached ** piety under Okawaru
  6464 | D:8      | Reached skill level 10 in Shields
  6464 | D:8      | Reached XP level 10. HP: 57/88 MP: 9/9
  6569 | D:8      | Noticed a two-headed hydra
  6574 | D:8      | Killed a one-headed hydra
  6574 | D:8      | Reached *** piety under Okawaru
  6574 | D:8      | Reached skill level 10 in Armour
  6711 | D:8      | Received a gift from Okawaru
  7094 | D:9      | Reached skill level 11 in Shields
  7471 | D:9      | Reached **** piety under Okawaru
  7566 | D:9      | Reached XP level 11. HP: 63/95 MP: 10/10
  7568 | D:9      | Reached skill level 10 in Long Blades
  7987 | D:10     | Entered Level 10 of the Dungeon
  8112 | D:10     | Reached ***** piety under Okawaru
  8313 | D:10     | Reached skill level 1 in Stealth
  9084 | D:11     | Found a staircase to the Orcish Mines.
  9256 | D:11     | Gained mutation: Your mind is acute. (Int +2) [potion of beneficial mutation]
  9257 | D:11     | Gained mutation: You have a beak for a mouth. [potion of beneficial mutation]
  9464 | D:11     | Killed an unseen horror
  9783 | D:11     | Found a staircase to the Lair.
 10002 | D:12     | Reached skill level 12 in Shields
 10130 | D:12     | Noticed a hill giant
 10145 | D:12     | Killed a hill giant
 10645 | D:12     | Noticed a hill giant
 10668 | D:12     | Killed a hill giant
 10668 | D:12     | Reached ****** piety under Okawaru
 10676 | D:12     | Received a gift from Okawaru
 10676 | D:12     | Reached XP level 12. HP: 29/106 MP: 11/11
 10757 | D:12     | Reached skill level 10 in Fighting
 11560 | D:12     | Reached skill level 1 in Invocations
 12176 | D:12     | Killed an unseen horror
 12332 | D:12     | Noticed a hill giant
 12347 | D:12     | Killed a hill giant
 12464 | D:12     | Noticed a hill giant
 12470 | D:12     | Noticed an ogre mage
 12478 | D:12     | Killed a hill giant
 12491 | D:12     | Killed an ogre mage
 12491 | D:12     | Reached skill level 13 in Shields
 12818 | Lair:1   | Entered Level 1 of the Lair of Beasts
 13479 | Lair:2   | Received a gift from Okawaru
 13572 | Lair:2   | Reached XP level 13. HP: 70/115 MP: 13/13
 14042 | Lair:2   | Noticed an eight-headed hydra
 14052 | Lair:2   | Killed a three-headed hydra
 14479 | Lair:3   | Found a blossoming altar of Fedhas.
 15152 | Lair:3   | Reached skill level 14 in Shields
 15443 | Lair:3   | Found a staircase to the Swamp.
 15554 | Lair:3   | You fall through a shaft!
 15596 | Lair:4   | Found a hole to the Spider Nest.
 16577 | Lair:3   | Gained mutation: You are partially covered in icy blue scales (AC +1). [potion of beneficial mutation]
 16792 | Lair:4   | Received a gift from Okawaru
 17654 | Lair:5   | Identified Langypu's Disquisition on Envenoming and Weightlessness
 17679 | Lair:5   | Received a gift from Okawaru
 18252 | Lair:5   | Reached XP level 14. HP: 126/126 MP: 14/14
 19163 | Lair:6   | Found a staircase to the Slime Pits.
 19301 | Lair:7   | Reached skill level 15 in Shields
 19447 | Lair:7   | Got a spiked chain mail
 19458 | Lair:7   | Identified the +3 chain mail "Qimm" {rCorr Dex+6} (You found it on level 7 of the Lair of Beasts)
 19509 | Lair:7   | Received a gift from Okawaru
 19902 | Lair:7   | Reached skill level 15 in Long Blades
 20444 | Lair:7   | Got a bloodstained chain mail
 20455 | Lair:7   | Identified the +6 chain mail of Emneg {rC+ rCorr Str+5} (You found it on level 7 of the Lair of Beasts)
 20723 | Orc:1    | Entered Level 1 of the Orcish Mines
 20773 | Orc:1    | Noticed Harold
 20793 | Orc:1    | Killed Harold
 21474 | Orc:3    | Received a gift from Okawaru
 21489 | Orc:3    | Got a twisted great sword {god gift}
 21497 | Orc:3    | Identified the +10 great sword of Head {slice, rPois rF+ Int+2} (Okawaru gifted it to you on level 3 of the Orcish Mines)
 21518 | Orc:3    | Found a roughly hewn altar of Beogh.
 21799 | Orc:3    | Noticed Maud
 21811 | Orc:3    | Killed Maud
 22119 | Orc:4    | Entered Level 4 of the Orcish Mines
 22144 | Orc:4    | Found a staircase to the Elven Halls.
 22201 | Orc:4    | Found a flickering gateway to a bazaar.
 22214 | Bazaar   | Entered a bazaar
 22218 | Bazaar   | Found Tail's Jewellery Boutique.
 22236 | Bazaar   | Found Conkisut's Gadget Emporium.
 22254 | Bazaar   | Found Ceisale's Book Boutique.
 22272 | Bazaar   | Found Lecwatec's Book Shoppe.
 22545 | Orc:4    | Noticed Sonja
 22568 | Orc:4    | Killed Sonja
 22874 | Orc:4    | Found Looptoj's Gadget Shop.
 22874 | Orc:4    | Found Iroaweng's Food Emporium.
 22876 | Orc:4    | Found Xedd's Food Shoppe.
 22878 | Orc:4    | Found Miepp's Jewellery Boutique.
 23005 | Orc:4    | Bought an uncursed amulet of faith for 720 gold pieces
 23005 | Orc:4    | Bought an uncursed ring of see invisible for 270 gold pieces
 23336 | Orc:4    | Received a gift from Okawaru
 23336 | Orc:4    | Reached skill level 16 in Long Blades
 23408 | Orc:4    | Found a shimmering altar of Xom.
 24269 | Lair:8   | Entered Level 8 of the Lair of Beasts
 24324 | Lair:8   | Found a dark tunnel.
 24333 | Volcano  | Entered a volcano
 24423 | Volcano  | Found a bloodstained altar of Trog.
 24912 | Lair:8   | Reached XP level 15. HP: 129/136 MP: 16/16
 25239 | Lair:8   | Received a gift from Okawaru
 25970 | Lair:8   | Got a glittering turquoise ring
 25972 | Lair:8   | Identified the ring "Netirunu" {rN+ Str+3 Int+3} (You found it on level 8 of the Lair of Beasts)
 26140 | Lair:8   | Reached skill level 17 in Long Blades
 27258 | D:13     | Found a gate to the Vaults.
 27299 | D:13     | Received a gift from Okawaru
 27625 | D:13     | Got a slimy shield
 27632 | D:13     | Identified the +1 shield of Follow the Leader {rF+} (You found it on level 13 of the Dungeon)
 28064 | D:14     | Reached skill level 15 in Armour
 28107 | D:14     | Noticed Agnes
 28138 | D:14     | Killed Agnes
 28326 | D:14     | Found Zet Vim's Antique Weapon Boutique.
 28369 | D:14     | Reached skill level 18 in Long Blades
 28474 | D:14     | Found a portal to a secret trove of treasure.
 28760 | D:15     | Entered Level 15 of the Dungeon
 28847 | D:15     | Reached XP level 16. HP: 141/147 MP: 17/17
 28929 | D:15     | Received a gift from Okawaru
 28952 | D:15     | Got an encrusted scimitar {god gift}
 29127 | D:14     | Identified the +10 scimitar of Pestilence {venom, Int+4} (Okawaru gifted it to you on level 15 of the Dungeon)
 29311 | D:15     | Found a staircase to the Depths.
 29445 | D:15     | Reached skill level 10 in Dodging
 29623 | D:15     | Reached skill level 15 in Fighting
 30000 | D:15     | Received a gift from Okawaru
 30553 | Spider:1 | Entered Level 1 of the Spider Nest
 30553 | Spider:1 | Noticed Frances
 30563 | Spider:1 | Killed Frances
 31349 | Spider:1 | Noticed Nikola
 31358 | Spider:1 | Killed Nikola
 31358 | Spider:1 | Reached skill level 19 in Long Blades
 32384 | Spider:2 | Received a gift from Okawaru
 32387 | Spider:2 | Got a crude falchion {god gift}
 32397 | Spider:2 | Identified the +7 falchion of the Eight Suns {slice, +Blink rElec Int+4} (Okawaru gifted it to you on level 2 of the Spider Nest)
 33423 | Spider:3 | Received a gift from Okawaru
 33997 | Spider:3 | Reached XP level 17. HP: 80/158 MP: 18/18
 34085 | Spider:3 | Received a gift from Okawaru
 34818 | Spider:4 | Entered Level 4 of the Spider Nest
 35180 | Spider:4 | Noticed Norris
 35183 | Spider:4 | Received a gift from Okawaru
 35195 | Spider:4 | Killed Norris
 35195 | Spider:4 | Reached skill level 20 in Long Blades
 35199 | Spider:4 | Got a faintly glowing great sword {god gift}
 35200 | Spider:4 | Identified the +3 great sword "Gigobapt" {venom, Str+3 Dex+4} (Okawaru gifted it to you on level 4 of the Spider Nest)
 35520 | Spider:4 | Received a gift from Okawaru
 36079 | Spider:4 | Noticed Arachne
 36566 | Spider:4 | Killed Arachne
 37783 | Spider:4 | Received a gift from Okawaru
 37833 | Spider:4 | Got a gossamer rune of Zot
 38345 | Spider:4 | Received a gift from Okawaru
 38345 | Spider:4 | Reached skill level 1 in Evocations
 38711 | Swamp:1  | Entered Level 1 of the Swamp
 38843 | Swamp:1  | Reached skill level 21 in Long Blades
 39690 | Swamp:2  | Reached XP level 18. HP: 143/170 MP: 19/19
 40912 | Swamp:4  | Entered Level 4 of the Swamp
 41471 | Swamp:4  | Received a gift from Okawaru
 41888 | Swamp:4  | Got a decaying rune of Zot
 42905 | Elf:1    | Entered Level 1 of the Elven Halls
 43301 | Elf:1    | Received a gift from Okawaru
 43695 | Elf:1    | Reached skill level 22 in Long Blades
 43914 | Elf:1    | Identified the Incunabulum of Supportive Arcane Weapons
 44410 | D:14     | You paid a toll of a +6 demon blade to enter a treasure trove
 44411 | Trove    | Entered a treasure trove
 44460 | Trove    | Got a flickering graven amulet
 44461 | Trove    | Identified the amulet "Taiweto" {Faith Str+4} (You found it in a treasure trove)
 44471 | Trove    | Got a spiked cloak
 44482 | Trove    | Identified the +1 cloak "Heskok" {rC+} (You found it in a treasure trove)
 45079 | Elf:2    | Found Gyddeelu's General Store.
 45676 | Elf:2    | Found a runed gate.
 45676 | Elf:2    | Found a runed gate.
 45676 | Elf:2    | Found a runed gate.
 45830 | Elf:2    | Received a gift from Okawaru
 46362 | Elf:2    | Reached XP level 19. HP: 111/180 MP: 20/20
 47080 | Elf:3    | Entered Level 3 of the Elven Halls
 48387 | Elf:3    | Reached skill level 23 in Long Blades
 48858 | Elf:3    | Received a gift from Okawaru
 49051 | Elf:3    | Got a coiled emerald amulet
 49179 | Elf:3    | Identified the amulet "Gojiotuk" {Clar Slay+2} (You took it off a deep elf blademaster on level 3 of the Elven Halls)
 49198 | Elf:3    | Got a shimmering scimitar
 49199 | Elf:3    | Identified the +5 scimitar of the Jolly Planets {slice, rF- Int+6} (You found it on level 3 of the Elven Halls)
 49215 | Elf:3    | Got a slimy chain mail
 49226 | Elf:3    | Identified the +1 chain mail "Nadgh" {+Fly rC+} (You found it on level 3 of the Elven Halls)
 49247 | Elf:3    | Got a bloodstained mace
 49248 | Elf:3    | Identified the +6 mace of Nofapa {freeze, +Fly rElec rN+} (You found it on level 3 of the Elven Halls)
 49308 | Elf:3    | Identified the Incunabulum of Congealing Contamination
 49360 | Elf:3    | Got a dazzling long sword {freeze}
 49360 | Elf:3    | Got a jewelled chain mail
 49367 | Elf:3    | Identified the +6 long sword of the Three Wonders {freeze, *Confuse +Fly Str-3 Dex+10} (You took it off a deep elf high priest on level 3 of the Elven Halls)
 49380 | Elf:3    | Identified the cursed +1 chain mail of a bailey {rPois Regen+ Str+3 Int-5} (You took it off a deep elf high priest on level 3 of the Elven Halls)
 49954 | Slime:1  | Entered Level 1 of the Pits of Slime
 51741 | Slime:4  | Reached skill level 24 in Long Blades
 52186 | Slime:5  | Reached XP level 20. HP: 133/192 MP: 21/21
 52373 | Slime:6  | Entered Level 6 of the Pits of Slime
 52876 | Slime:6  | Received a gift from Okawaru
 53515 | Slime:6  | Noticed the royal jelly
 53533 | Slime:6  | Killed the royal jelly
 53533 | Slime:6  | Received a gift from Okawaru
 54427 | Slime:6  | Identified the Compendium of Icy Curses
 54456 | Slime:6  | Got a tiger eye-encrusted plate armour
 54467 | Slime:6  | Got a slimy rune of Zot
 54884 | Slime:3  | Reached skill level 25 in Long Blades
 56138 | Lair:6   | Identified the +9 plate armour of Karoan {Dex+4} (You found it on level 6 of the Pits of Slime)
 56433 | Vaults:1 | Entered Level 1 of the Vaults
 56891 | Vaults:1 | Reached XP level 21. HP: 145/202 MP: 23/23
 56951 | Vaults:1 | Received a gift from Okawaru
 57897 | Vaults:1 | Paralysed by a great orb of eyes for 5 turns
 58089 | Vaults:2 | Noticed Wiglaf
 58103 | Vaults:2 | Killed Wiglaf
 58197 | Vaults:2 | Received a gift from Okawaru
 58374 | Vaults:2 | Reached skill level 26 in Long Blades
 58461 | Vaults:2 | Cast into the Abyss (orc knight)
 58978 | Abyss:1  | Identified the Volume of Conjuration
 59003 | Abyss:1  | Gained mutation: Your body sometimes deteriorates upon taking damage. [a neqoxec]
 59101 | Abyss:2  | Found a corrupted altar of Lugonu.
 59232 | Abyss:2  | Received a gift from Okawaru
 59378 | Abyss:2  | Found a radiant altar of Vehumet.
 59950 | Vaults:2 | Escaped the Abyss
 59991 | Vaults:2 | Cast into the Abyss (orc knight)
 60038 | Abyss:1  | Gained mutation: You are extremely frail (-30% HP). [a cacodemon]
 60145 | Abyss:1  | HP: 3/164 [ynoxinul/iron shot (29)]
 60179 | Abyss:1  | Received a gift from Okawaru
 60369 | Abyss:1  | HP: 4/185 [starcursed mass/accursed screaming (16)]
 60370 | Abyss:1  | Slain by a bone dragon

Action                   |  1- 3 |  4- 6 |  7- 9 | 10-12 | 13-15 | 16-18 | 19-21 || total
-------------------------+-------+-------+-------+-------+-------+-------+-------++-------
Melee: Long sword        |    76 |   197 |   253 |       |       |       |       ||   526
       Scimitar          |       |       |   127 |   850 |   382 |   113 |       ||  1472
       Demon blade       |       |       |       |    13 |     7 |   182 |    36 ||   238
       Double sword      |       |       |       |       |   543 |    35 |       ||   578
       Great sword       |       |       |       |       |   495 |   999 |  1264 ||  2758
       Falchion          |       |       |       |       |       |       |    48 ||    48
Invok: Heroism           |       |       |       |     7 |     5 |     6 |     2 ||    20
       Finesse           |       |       |       |     1 |       |       |     1 ||     2
 Abil: Evoke Flight      |       |       |       |       |       |     1 |       ||     1
Evoke: Wand              |       |       |       |     2 |     4 |     7 |     5 ||    18
  Use: Scroll            |       |     1 |    12 |    17 |    19 |    19 |    25 ||    93
       Potion            |       |       |     2 |     2 |     1 |     3 |    10 ||    18
 Stab: Petrified         |       |       |       |       |     2 |       |       ||     2
       Confused          |       |       |       |       |       |     1 |       ||     1
  Eat: Chunk             |       |    18 |    12 |    30 |    37 |    30 |     9 ||   136
       Royal jelly       |       |       |       |       |     1 |     2 |       ||     3
       Pizza             |       |       |       |       |     1 |       |     2 ||     3
       Fruit             |       |       |       |       |       |    20 |    28 ||    48
       Beef jerky        |       |       |       |       |       |     3 |     8 ||    11
